 Dungeon Crawl Stone Soup version 0.28.0-53-g5a82cb258f (webtiles) character file.

Game seed: 17996252665387367734

818 SanguineChosen the Chopper (level 7, 0/93 HPs)
             Began as a Minotaur Berserker on Aug 4, 2022.
             Was an Elder of Trog.
             Slain by a killer bee (5 damage)
             ... on level 4 of the Dungeon on Aug 5, 2022.
             The game lasted 00:23:20 (5744 turns).

SanguineChosen the Chopper (Minotaur Berserker)     Turns: 5744, Time: 00:23:21

Health: 0/93       AC: 12    Str: 23    XL:     7   Next: 62%
Magic:  6/6        EV:  5    Int:  4    God:    Trog [****..]
Gold:   407        SH: 11    Dex: 10    Spells: 6/6 levels left

rFire   . . .      SeeInvis .   a - +0 hand axe
rCold   . . .      Faith    .   e - +0 kite shield
rNeg    + . .      Spirit   .   b - +0 plate armour
rPois   .          Reflect  +   i - +0 hat
rElec   .          Harm     .   (no cloak)
rCorr   .          Rampage  .   (no gloves)
Will    .....                   (no boots)
Stlth   ..........              p - amulet of reflection
HPRegen 0.25/turn               c - ring of positive energy
MPRegen 0.10/turn               (no ring)

@: berserking, lethally poisoned (0 -> -8), very quick
A: horns 2, retaliatory headbutt
a: Renounce Religion, Berserk, Trog's Hand, Brothers in Arms


You were on level 4 of the Dungeon.
You worshipped Trog.
Trog was greatly pleased with you.
You visited 1 branch of the dungeon, and saw 4 of its levels.

You collected 407 gold pieces.

Inventory:

Hand Weapons
 a - a +0 hand axe (weapon)
Missiles
 k - 15 poisoned darts (quivered)
 m - 214 stones
Armour
 b - a +0 plate armour (worn)
 e - a +0 kite shield (worn)
 i - a +0 hat (worn)
Jewellery
 c - a ring of positive energy (left hand)
 p - an amulet of reflection (around neck)
Scrolls
 d - a scroll of fog {unknown}
 j - a scroll of fear
Potions
 f - 2 potions of lignification


   Skills:
 + Level 5.9 Fighting
 - Level 1.1 Long Blades
 + Level 7.5 Axes
 + Level 5.6 Armour
 + Level 3.2 Dodging
 + Level 1.1 Shields
 + Level 0.5 Evocations


You had 6 spell levels left.
You didn't know any spells.
Your spell library was empty.

Dungeon Overview and Level Annotations

Branches:
Dungeon (4/15)
 Temple: D:4-7

Altars:
Ashenzari
Dithmenos
Wu Jian
Yredelemnul
The Shining One


Innate Abilities, Weirdness & Mutations

You have a pair of horns on your head.
You reflexively headbutt those who attack you in melee.


Message History

You kill the killer bee!
Trog accepts your kill.
You barely miss the killer bee.
The killer bee stings you but does no damage. x3
You hit the killer bee. Your headbutt misses the killer bee.
The killer bee is lightly wounded.
You miss the killer bee. The killer bee stings you.
The killer bee stings you but does no damage.
The killer bee stings you.
You are poisoned.
The killer bee poisons you! The killer bee stings you.
The killer bee barely misses you.
You hit the killer bee but do no damage.
Your headbutt misses the killer bee.
The killer bee is heavily wounded.
You miss the killer bee.
You feel very sick. The killer bee stings you.
* * * LOW HITPOINT WARNING * * *
You are lethally poisoned!
The killer bee poisons you! The killer bee barely misses you.
The killer bee completely misses you. You block the killer bee's attack.
The killer bee stings you but does no damage.
* * * LOW HITPOINT WARNING * * *
You feel very sick. You block the killer bee's attack.
The killer bee stings you but does no damage.
The killer bee stings you.
* * * LOW HITPOINT WARNING * * *
It was a potion of cancellation.
You feel magically purged.
* * * LOW HITPOINT WARNING * * *
You feel very sick. You block the killer bee's attack. x2
The killer bee stings you but does no damage. x2
It was a potion of berserk rage.
A red film seems to cover your vision as you go berserk!
You feel yourself moving faster!
You feel mighty!
* * * LOW HITPOINT WARNING * * *
You feel sick. The killer bee stings you.
You die...

### #!#####
###...... ##.......
######.....##
##..y#.......#
#..@y†.......#
##.#######.........
#..#.###.##....##..
##.................
######
#..........##....#..
##..#.##
##..##......#...## .
##......##
####.............
#........#
#...............
#####......#
##..#........


You could see 2 killer bees.

Vanquished Creatures
  Grinder (D:3)
  4 kobold brigands (D:3)
  A killer bee (D:4)
  A gnoll shaman (D:4)
  Terence (D:3)
  A hound skeleton (D:4)
  8 gnolls
  2 adders
  An ufetubus (D:4)
  A dart slug (D:2)
  A worm (D:3)
  2 orcs
  3 ball pythons
  5 endoplasms
  2 giant cockroaches
  4 goblins
  13 hobgoblins
  9 jackals
  48 kobolds
  8 quokkas
  9 bats
  4 frilled lizards
  8 rats
137 creatures vanquished.

Notes
Turn   | Place    | Note
-------+----------+-------------------------------------------
     0 | D:1      | SanguineChosen the Minotaur Berserker began the quest for
                  | the Orb.
     0 | D:1      | Reached XP level 1. HP: 19/19 MP: 0/0
   435 | D:1      | Reached XP level 2. HP: 27/27 MP: 1/1
   765 | D:1      | Found a faded altar of an unknown god.
   795 | D:1      | Reached skill level 1 in Long Blades
  1083 | D:1      | Reached XP level 3. HP: 25/33 MP: 2/2
  1367 | D:2      | Reached skill level 1 in Shields
  1654 | D:2      | Reached skill level 4 in Axes
  2114 | D:2      | Reached ** piety under Trog
  2646 | D:3      | Reached XP level 4. HP: 36/40 MP: 3/3
  2678 | D:3      | Noticed Terence
  2709 | D:3      | Killed Terence
  3055 | D:3      | Noticed a kobold brigand
  3082 | D:3      | Killed a kobold brigand
  3083 | D:3      | Reached skill level 5 in Axes
  3083 | D:3      | Reached XP level 5. HP: 26/47 MP: 4/4
  3360 | D:3      | Reached *** piety under Trog
  3636 | D:3      | Reached XP level 6. HP: 53/53 MP: 5/5
  3667 | D:3      | Reached skill level 5 in Fighting
  3667 | D:3      | Reached skill level 6 in Axes
  3880 | D:3      | Noticed Grinder
  3880 | D:3      | Paralysed by Grinder for 2 turns
  3900 | D:3      | Paralysed by Grinder for 5 turns
  3913 | D:3      | Paralysed by Grinder for 7 turns
  4105 | D:3      | Killed Grinder
  4106 | D:3      | Reached XP level 7. HP: 50/61 MP: 6/6
  4396 | D:3      | Found a shadowy altar of Dithmenos.
  4399 | D:3      | Found a broken altar of Ashenzari.
  4402 | D:3      | Found an ornate altar of the Wu Jian Council.
  4405 | D:3      | Found a basalt altar of Yredelemnul.
  4501 | D:3      | Reached skill level 7 in Axes
  4511 | D:3      | Reached skill level 5 in Armour
  5080 | D:3      | Found a glowing golden altar of the Shining One.
  5396 | D:4      | Reached **** piety under Trog
  5744 | D:4      | Slain by a killer bee

Illustrated notes

Levels and vault maps discovered:
D:1:      dpeg_arrival_brainrot, layout_loops_corners,
          hellmonk_ecumenical_altar_dog_temple
D:2:      layout_basic, minmay_tromino_i4
D:3:      minmay_goblin_kobold_castle, layout_loops_cross,
          grunt_temple_overflow_cloverleaf, general_overflow_altar,
          uniq_terence, uniq_grinder
D:4:      layout_cave_pools, nicolae_underground_beach

Skill      XL: |  1  2  3  4  5  6  7 |
---------------+----------------------+-----
Long Blades    | 1 |  1.1
Shields        | 1 |  1.1
Fighting       | 4 5 |  5.9
Axes           | 4 5 6 7 |  7.5
Armour         | 3 4 5 |  5.6
Dodging        | 3 |  3.2
Evocations     | |  0.5

Action                   |  1- 3 |  4- 6 |  7- 9 || total
-------------------------+-------+-------+-------++-------
Melee: Hand axe          |   106 |   140 |    94 ||   340
       Headbutt          |    13 |    21 |    14 ||    48
       Punch             |     1 |       |       ||     1
Throw: Dart              |       |    29 |     8 ||    37
       Stone             |       |    11 |    17 ||    28
Invok: Trog's Hand       |       |       |     1 ||     1
  Use: Scroll            |     4 |       |     2 ||     6
       Potion            |       |       |     4 ||     4
Armor: Animal skin       |     6 |       |       ||     6
       Plate armour      |    16 |    65 |    86 ||   167
       Leather armour    |     2 |       |       ||     2
Dodge: Dodged            |    48 |    45 |    42 ||   135
Block: Kite shield       |       |       |    18 ||    18
